 Dungeon Crawl Stone Soup version 0.31-a0-875-g02e7d12df6 (webtiles) character file.

Game seed: 18079772914002048784

24703 Xavori the Unseen (level 13, 0/86 HPs)
             Began as an Octopode Chaos Knight on Oct 12, 2023.
             Was a Plaything of Xom.
             Succumbed to a death drake's dark miasma
             ... on level 2 of the Lair of Beasts.
             The game lasted 00:17:06 (16563 turns).

Xavori the Unseen (Octopode Chaos Knight)          Turns: 16563, Time: 00:17:07

Health: 0/86       AC:  9    Str: 14    XL:     13   Next: 14%
Magic:  13/13      EV: 25    Int: 16    God:    Xom [......]
Gold:   738        SH: 14    Dex: 24    Spells: 12/12 levels left

rFire   . . .        a - +0 short sword (chaos)
rCold   + . .        F - +2 buckler
rNeg    . . .        (helmet restricted)
rPois   .            C - amulet of reflection
rElec   .            c - +6 ring of strength
rCorr   .            y - +4 ring of protection
SInv    .            p - ring of protection from cold
Will    .....        I - +5 ring of evasion
Stlth   ++++++++     (no ring)
HPRegen 1.94/turn    (no ring)
MPRegen 0.13/turn    (no ring)
                     (no ring)

%: reflection, clarity
@: lethally poisoned (0 -> -28), slowed, very slow
A: almost no armour, amphibious, 8 rings, camouflage 1, gelatinous body 1,
(nimble swimmer 1), tentacles, antennae 1, tentacle spike 1, iridescent scales
2, agile 2, clarity, clever 1, regeneration 2, screaming 1, wild magic 2,
MP-powered wands
a: Renounce Religion


You were on level 2 of the Lair of Beasts.
You worshipped Xom.
You were a very special plaything of Xom.
You visited 2 branches of the dungeon, and saw 13 of its levels.
You also visited: Sewer and Bailey.

You collected 780 gold pieces.
You spent 42 gold pieces at shops.

Inventory:

Hand Weapons
 a - a +0 short sword of chaos (weapon)
Missiles
 G - 2 throwing nets
Armour
 F - a +2 buckler (worn)
Jewellery
 c - a +6 ring of strength (left tentacle)
 p - a ring of protection from cold (on tentacle)
 s - a ring of ice
 x - a ring of ice
 y - a +4 ring of protection (right tentacle)
 C - an amulet of reflection (around mantle)
 I - a +5 ring of evasion (on tentacle)
Talismans
 f - a serpent talisman
Wands
 o - a wand of flame (18)
Scrolls
 b - a scroll of butterflies
 e - 2 scrolls of blinking
 i - 5 scrolls of vulnerability
 j - a scroll of noise
 l - 2 scrolls of enchant armour
 m - 2 scrolls of amnesia
 n - 5 scrolls of teleportation
 q - 4 scrolls of fog
 r - 2 scrolls of fear
 w - a scroll of enchant weapon
 J - a scroll of immolation
Potions
 d - 7 potions of curing
 g - 5 potions of enlightenment
 h - a potion of degeneration {unknown}
 k - 2 potions of lignification
 t - a potion of magic {unknown}
 u - 2 potions of mutation {unknown}
 v - 6 potions of might {unknown}
 z - 2 potions of heal wounds {unknown}
 A - 5 potions of invisibility
 B - 3 potions of brilliance
 D - a potion of berserk rage {unknown}
 E - 8 potions of ambrosia
 H - 2 potions of haste {unknown}


   Skills:
 + Level 7.1 Fighting
 + Level 9.6 Short Blades
 + Level 8.4 Dodging
 + Level 15.8 Stealth
 + Level 5.7 Shields
 * Level 7.8 Evocations
 * Level 8.3 Shapeshifting


You had 12 spell levels left.
You didn't know any spells.
Your spell library contained the following spells:

 Spells                   Type           Power      Damage    Failure   Level
 Foxfire                  Conj/Fire      0%         2x1d4     50%         1
 Necrotise                Necr           0%         1d4       50%         1
 Sandblast                Erth           0%         2d4       50%         1
 Summon Small Mammal      Summ           0%         N/A       50%         1
 Cigotuvi's Dreadful Rot  Necr/Pois/Air  0%         N/A       61%         2
 Lesser Beckoning         Tloc           0%         N/A       61%         2
 Passwall                 Tmut/Erth      0%         N/A       61%         2
 Call Canine Familiar     Summ           0%         N/A       82%         3
 Dazzling Flash           Conj/Hex       0%         N/A       82%         3
 Gell's Gravitas          Tloc           0%         N/A       82%         3
 Ozocubu's Armour         Ice            0%         N/A       82%         3
 Stone Arrow              Conj/Erth      0%         3d7       82%         3
 Summon Guardian Golem    Hex/Summ       0%         N/A       82%         3
 Teleport Other           Tloc           0%         N/A       82%         3
 Tukima's Dance           Hex            0%         N/A       82%         3
 Vampiric Draining        Necr           0%         2d6       82%         3
 Volatile Blastmotes      Fire/Tloc      0%         2d10      82%         3
 Brom's Barrelling Bould  Conj/Erth      0%         2d3       99%         4
 Dimensional Bullseye     Hex/Tloc       0%         N/A       99%         4
 Dispel Undead            Necr           0%         3d6       99%         4
 Iskenderun's Mystic Bla  Conj/Tloc      0%         2d3       99%         4
 Agony                    Necr           0%         N/A       100%        5
 Alistair's Intoxication  Tmut/Pois      0%         N/A       100%        5
 Borgnjor's Vile Clutch   Necr/Erth      0%         N/A       100%        5
 Metabolic Englaciation   Hex/Ice        0%         N/A       100%        5
 Death Channel            Necr           0%         N/A       100%        6
 Eringya's Noxious Bog    Tmut/Pois      0%         4d6       100%        6
 Plasma Beam              Fire/Air       0%         2x1d10    100%        6
 Simulacrum               Ice/Necr       0%         N/A       100%        6
 Starburst                Conj/Fire      0%         6d3       100%        6
 Orb of Destruction       Conj           0%         9d5       100%        7
 Spellforged Servitor     Conj/Summ      0%         N/A       100%        7
 Maxwell's Capacitive Co  Air            0%         ∞         100%        8


Dungeon Overview and Level Annotations

Branches:
Dungeon (11/15)            Temple (0/1) D:5            Lair (2/5) D:8
 Spider (0/4) Lair:2        Sewer (visited)          Bailey (visited)
  Swamp: Lair:2-3    Shoals: Lair:2-3       Orc: D:9-12

Altars:
Dithmenos
Fedhas
Gozag
Hepliaklqana
Kikubaaqudgha
Makhleb
Okawaru
Qazlal
Sif Muna
Uskayaw
Vehumet
Xom
Zin

Shops:
D:1 !

Annotations:
Lair:1 exclusion: 3 oklob plants


Innate Abilities, Weirdness & Mutations

You cannot wear most types of armour.
You are amphibious.
You can wear up to eight rings at the same time.
Your skin changes colour to match your surroundings (Stealth+).
Your rubbery body absorbs attacks. (AC +1, EV +1)
((You are camouflaged when in or above water. (Stealth+)))
You have tentacles for arms and can constrict up to eight enemies at once.
You have a pair of small antennae on your head.
One of your tentacles bears a spike.
You are mostly covered in iridescent scales. (AC +4)
You are very agile. (Dex +8, Str/Int -2)
You possess an exceptional clarity of mind.
Your mind is acute. (Int +4, Str/Dex -1)
You heal very quickly.
You occasionally shout uncontrollably at your foes.
Your spells are harder to cast, but more powerful.
You expend magic power (3 MP) to strengthen your wands.


Message History

The pharaoh ant is severely damaged.
You constrict the pharaoh ant. The pharaoh ant barely misses you.
Your quasit bites the pharaoh ant but does no damage.
Your quasit claws the pharaoh ant but does no damage. x2
The pharaoh ant bites your quasit!!
Your quasit dies!
Your quasit disappears in a puff of smoke!
The pharaoh ant gives a chilling moan.
You hit the pharaoh ant.
The pharaoh ant resists with almost no effort.
You pierce the pharaoh ant, but do no damage.
The pharaoh ant is severely damaged.
You constrict the pharaoh ant. The pharaoh ant closely misses you.
You hit the pharaoh ant but do no damage.
Lightning courses through the pharaoh ant!
You destroy the pharaoh ant!
A tarantella comes into view.
A tarantella is nearby! "You have grown too confident for your meagre worth."
Your body is wracked with pain! "Hum-dee-hum-dee-hum..."
The tarantella evaporates and reforms as a death drake!
The death drake breathes miasma at you. The foul vapour misses you.
No reachable target in view!
You are engulfed in dark miasma.
You are poisoned.
You feel very sick.
You are engulfed in dark miasma.
You are more poisoned.
You feel yourself slow down.
You feel extremely sick.
You feel extremely sick. The death drake breathes miasma at you.
The foul vapour misses you.
There is a stone staircase leading up, spattered with blood here.
You are engulfed in dark miasma.
You are lethally poisoned!
* * * LOW HITPOINT WARNING * * *
You die...
Xom chortles!

#....... ..#
#P.#..s. .#..
#.....###.... .
##.#.Y.#...P#
..#..##.°.....#
........k....##
........°.°P..#.
.......°○°......
.......°@°......
......°°°°......
...#.##......###
...## #......# .
#.....## #...<.P
......## #......


You could see a death drake, a yak and a tarantella.

Vanquished Creatures
  2 boulder beetles (D:11)
  4 two-headed ogres
  Amaemon (D:8)
  A pharaoh ant (Lair:2)
  2 orc knights
  A cyclops (D:8)
  A black mamba (Lair:1)
  An orange demon (D:8)
  A cane toad (Lair:1)
  A kobold demonologist (D:8)
  2 komodo dragons (Lair:1)
  3 rime drakes (Lair:1)
  A wind drake (Lair:1)
  A queen bee (D:11)
  A troll (D:8)
  A hornet (D:10)
  A slime creature (Lair:1)
  A jumping spider (Lair:2)
  A vampire (D:8)
  2 wraiths
  2 wyverns
  16 yaks
  3 basilisks
  4 steam dragons
  5 vampire mosquitoes
  Menkaure (D:7)
  An acid dragon (D:9)
  10 water moccasins
  3 sky beasts
  4 black bears
  13 orc warriors
  2 ogres
  A phantom (D:7)
  8 centaurs
  5 kobold brigands
  A gnoll sergeant (D:11)
  11 bullfrogs
  5 scorpions
  7 wights
  Dowan (D:7)
  30 killer bees
  2 howler monkeys
  A crimson imp (D:7)
  3 jellies
  7 orc priests
  A sleepcap (D:7)
  4 hounds
  A gnoll bouda (D:7)
  3 iguanas
  12 orc wizards
  2 river rats (Sewer)
  11 adders
  12 gnolls
  A shadow imp (D:6)
  4 white imps
  An ufetubus (D:4)
  2 worms
  2 dart slugs
  51 orcs
  4 ball pythons
  13 endoplasms
  6 giant cockroaches
  7 goblins
  3 hobgoblins
  4 jackals (D:2)
  7 quokkas
  4 bats
  5 frilled lizards
  12 kobolds
  5 rats
352 creatures vanquished.

Vanquished Creatures (collateral kills)
  Harold (Lair:1)
  A two-headed ogre (D:8)
  A deep elf pyromancer (Bailey)
  Prince Ribbit (D:9)
  A yak (Lair:1)
  2 orc warriors
  A sky beast (D:8)
  A wight (D:8)
  A bullfrog zombie (D:8)
  An orc priest (D:8)
  An orc wizard (D:8)
  3 orcs
  A goblin (D:8)
16 creatures vanquished.

Vanquished Creatures (others)
  Duvessa (D:7)
  An orc warrior (D:7)
  A bullfrog (D:8)
  A yak zombie (Lair:1)
  2 orc wizards (D:7)
  A kobold (D:8)
7 creatures vanquished.

Grand Total: 375 creatures vanquished

Notes
Turn   | Place    | Note
-------+----------+-------------------------------------------
     0 | D:1      | Xavori the Octopode Chaos Knight began the quest for the
                  | Orb.
     0 | D:1      | Reached XP level 1. HP: 16/16 MP: 1/1
   191 | D:1      | Reached XP level 2. HP: 21/21 MP: 2/2
   525 | D:1      | Found Haejozeq's Distillery.
   534 | D:1      | Bought a potion of curing for 42 gold pieces
   729 | D:1      | Reached XP level 3. HP: 26/26 MP: 3/3
  1238 | D:1      | XOM: silly message
  1293 | D:1      | XOM: divination: detect items
  1997 | D:1      | XOM: cloud trail
  2102 | D:1      | XOM is BORED!
  2391 | D:1      | XOM: give mutations
  2391 | D:1      | Gained mutation: You have hidden genetic potential. [Xom's
                  | mischief]
  2391 | D:1      | Gained mutation: Your spells are a little harder to cast,
                  | but a little more powerful. [Xom's mischief]
  2391 | D:1      | Gained mutation: You are agile. (Dex +4, Str/Int -1) [Xom's
                  | mischief]
  2429 | D:1      | XOM: stat loss: -1 Dex (16/17)
  2533 | D:1      | XOM: summons 2 hostile demons
  2534 | D:1      | Noticed a smoke demon
  2705 | D:2      | XOM: give mutations
  2705 | D:2      | Gained mutation: Your mind is acute. (Int +4, Str/Dex -1)
                  | [Xom's mischief]
  2705 | D:2      | Gained mutation: You possess an exceptional clarity of
                  | mind. [Xom's mischief]
  2705 | D:2      | Lost mutation: Your mind is acute. (Int +4, Str/Dex -1)
                  | [Xom's mischief]
  3021 | D:1      | XOM: torment (14/26 hp)
  3304 | D:1      | XOM is BORED!
  3763 | D:1      | XOM: give mutation
  3763 | D:1      | Gained mutation: You occasionally shout uncontrollably at
                  | your foes. [Xom's mischief]
  4162 | D:1      | XOM: summons 1 hostile demon
  4263 | D:2      | XOM: give mutation
  4263 | D:2      | Lost mutation: You are agile. (Dex +4, Str/Int -1) [Xom's
                  | mischief]
  5047 | D:1      | XOM: silly message
  5390 | D:1      | XOM: noise
  5610 | D:1      | XOM: give mutation
  5610 | D:1      | Gained mutation: You are partially covered in iridescent
                  | scales. (AC +2) [Xom's grace]
  5769 | D:1      | XOM: give mutations
  5769 | D:1      | Gained mutation: One of your tentacles bears a spike.
                  | [Xom's grace]
  5769 | D:1      | Gained mutation: You have a pair of small antennae on your
                  | head. [Xom's grace]
  5859 | D:1      | XOM: give mutations
  5859 | D:1      | Gained mutation: Your natural rate of healing is unusually
                  | fast. [Xom's grace]
  5859 | D:1      | Gained mutation: You are mostly covered in iridescent
                  | scales. (AC +4) [Xom's grace]
  5859 | D:1      | Gained mutation: Your mind is acute. (Int +4, Str/Dex -1)
                  | [Xom's grace]
  5873 | D:2      | Reached skill level 1 in Stealth
  5980 | D:2      | XOM: stat loss: -1 Dex (10/12)
  6136 | D:2      | XOM: summons 1 hostile shadow creature
  6213 | D:2      | Reached skill level 2 in Stealth
  6213 | D:2      | Reached XP level 4. HP: 31/31 MP: 4/4
  6224 | D:2      | XOM: cloud trail
  6341 | D:2      | XOM: silly message
  6390 | D:2      | XOM: give mutations
  6390 | D:2      | Gained mutation: You are completely covered in iridescent
                  | scales. (AC +6) [Xom's grace]
  6390 | D:2      | Gained mutation: Your mind is very acute. (Int +8, Str/Dex
                  | -2) [Xom's grace]
  6390 | D:2      | Gained mutation: You are agile. (Dex +4, Str/Int -1) [Xom's
                  | grace]
  6390 | D:2      | Gained mutation: You are very agile. (Dex +8, Str/Int -2)
                  | [Xom's grace]
  6441 | D:3      | Gained mutation: Your muscles are strong. (Str +4, Int/Dex
                  | -1) [hidden potential]
  6449 | D:3      | Reached skill level 3 in Stealth
  6510 | D:3      | Identified the +0 pair of gloves "Lutwor" {Stlth+}
  6581 | D:3      | Found a faded altar of an unknown god.
  6695 | D:3      | Reached XP level 5. HP: 36/36 MP: 5/5
  6869 | D:4      | Gained mutation: Your spells are harder to cast, but more
                  | powerful. [hidden potential]
  6869 | D:4      | Lost mutation: You have hidden genetic potential. [hidden
                  | potential expressed]
  7088 | D:4      | Reached skill level 1 in Shapeshifting
  7105 | D:4      | Reached skill level 4 in Stealth
  7131 | D:4      | an adder changed into a water moccasin
  7131 | D:4      | Noticed a water moccasin
  7139 | D:4      | Killed a water moccasin
  7140 | D:4      | Reached skill level 5 in Stealth
  7140 | D:4      | Reached XP level 6. HP: 32/43 MP: 6/6
  7156 | D:4      | Found a shadowy altar of Dithmenos.
  7170 | D:4      | Found a shimmering blue altar of Sif Muna.
  7173 | D:4      | Found an ancient bone altar of Kikubaaqudgha.
  7593 | D:5      | Entered Level 5 of the Dungeon
  7680 | D:5      | Reached skill level 6 in Stealth
  7680 | D:5      | Reached XP level 7. HP: 47/47 MP: 7/7
  7786 | D:5      | Reached skill level 7 in Stealth
  7808 | D:5      | Found a staircase to the Ecumenical Temple.
  7855 | D:5      | Reached skill level 5 in Short Blades
  7943 | D:5      | Reached XP level 8. HP: 54/54 MP: 8/8
  8009 | D:5      | XOM: give mutations
  8009 | D:5      | Gained mutation: You expend magic power (3 MP) to
                  | strengthen your wands. [Xom's grace]
  8009 | D:5      | Gained mutation: You heal very quickly. [Xom's grace]
  8009 | D:5      | Gained mutation: Your muscles are very strong. (Str +8,
                  | Int/Dex -2) [Xom's grace]
  8262 | D:5      | Found an iron altar of Okawaru.
  8266 | D:5      | Found an opulent altar of Gozag.
  8268 | D:5      | Found a blossoming altar of Fedhas.
  8271 | D:5      | Found a glowing silver altar of Zin.
  8315 | D:6      | XOM: confuse monster(s)
  8354 | D:6      | XOM: summons 5 friendly demons
  8356 | D:6      | Reached skill level 8 in Stealth
  8556 | D:6      | Found a glowing drain.
  8567 | Sewer    | Entered a sewer
  8576 | Sewer    | XOM: scenery: create altars
  8760 | Sewer    | Reached skill level 9 in Stealth
  8893 | D:6      | Found a hide-covered altar of Uskayaw.
  9346 | D:6      | Reached skill level 10 in Stealth
  9346 | D:6      | Reached XP level 9. HP: 59/59 MP: 9/9
  9732 | D:7      | XOM: divination: detect items
  9773 | D:7      | Noticed Duvessa
  9784 | D:7      | XOM: divination: detect items
  9794 | D:7      | Killed Duvessa
  9816 | D:7      | XOM: summons 5 hostile demons
  9885 | D:7      | Noticed Dowan
  9892 | D:7      | Killed Dowan
  9894 | D:7      | Reached skill level 11 in Stealth
  9895 | D:7      | XOM: potion effect (invisibility)
  9907 | D:7      | XOM: potion effect (haste)
  9917 | D:7      | Identified the staff of Wrongful Imprisonment {rElec Conj}
  9956 | D:7      | Noticed Menkaure
  9971 | D:7      | Killed Menkaure
 10100 | D:7      | XOM: potion effect (invisibility)
 10107 | D:7      | XOM: silly message
 10109 | D:7      | Reached skill level 5 in Shapeshifting
 10113 | D:7      | Reached skill level 5 in Fighting
 10157 | D:7      | Reached skill level 1 in Shields
 10250 | D:7      | Reached skill level 5 in Dodging
 10250 | D:7      | Reached skill level 12 in Stealth
 10312 | D:7      | XOM: divination: detect creatures
 10566 | D:7      | Found a radiant altar of Vehumet.
 10566 | D:7      | Found a burning altar of Makhleb.
 10894 | D:8      | XOM: cast spell 'Summon Small Mammal'
 10902 | D:8      | Reached XP level 10. HP: 57/66 MP: 10/10
 10910 | D:8      | XOM: divination: detect items
 10913 | D:8      | Reached skill level 1 in Evocations
 10915 | D:8      | Noticed an orc knight
 10919 | D:8      | XOM: scenery: 2 doors open, 1 doors close
 10927 | D:8      | Identified the +5 hand axe of Wyrd {flame, Int+3}
 10975 | D:8      | XOM: summons 4 hostile shadow creatures
 11110 | D:8      | Noticed a two-headed ogre
 11110 | D:8      | Noticed a cyclops
 11148 | D:8      | Noticed an orange demon
 11152 | D:8      | Killed an orange demon
 11152 | D:8      | Noticed Amaemon
 11162 | D:8      | XOM: summons friendly crimson imp
 11167 | D:8      | XOM: divination: detect items
 11171 | D:8      | Killed Amaemon
 11207 | D:8      | XOM: smoke on damage
 11225 | D:8      | Found a flagged portal.
 11237 | Bailey   | Entered a bailey
 11271 | Bailey   | XOM: cast spell 'Alistair's Intoxication'
 11285 | Bailey   | XOM: summons friendly shadow imp
 11288 | Bailey   | Noticed an orc knight
 11309 | Bailey   | Killed an orc knight
 11310 | Bailey   | Reached skill level 13 in Stealth
 11321 | Bailey   | Found a large runed translucent door.
 11321 | Bailey   | Found a large runed translucent door.
 11322 | Bailey   | Noticed a deep elf pyromancer
 11463 | Bailey   | Killed a deep elf pyromancer
 11639 | D:8      | Found a staircase to the Lair.
 11712 | D:8      | Noticed a two-headed ogre
 11720 | D:8      | Killed a two-headed ogre
 11721 | D:8      | Reached XP level 11. HP: 72/72 MP: 11/11
 11731 | D:8      | XOM: summons friendly iron imp
 11750 | D:8      | XOM: potion effect (heal wounds)
 11765 | D:8      | XOM: confuse monster(s)
 11766 | D:8      | Killed an orc knight
 11769 | D:8      | XOM: silly message
 11770 | D:8      | XOM: enchant monster (good)
 11771 | D:8      | XOM: cast spell 'Call Canine Familiar'
 11776 | D:8      | Killed a two-headed ogre
 11807 | D:8      | XOM: noise
 11882 | D:8      | Noticed a two-headed ogre
 11904 | D:8      | Killed a two-headed ogre
 11916 | D:8      | Reached skill level 5 in Evocations
 12005 | D:8      | Found a stormy altar of Qazlal.
 12106 | D:8      | XOM: divination: magic mapping
 12142 | D:8      | XOM: god gift: chain mail {god gift}
 12298 | D:8      | Found a hazy altar of Hepliaklqana.
 12299 | D:8      | Found a shimmering altar of Xom.
 12299 | D:8      | Noticed a tentacled monstrosity
 12300 | D:8      | Noticed a tentacled monstrosity
 12374 | D:8      | XOM: enchant monster (good)
 12377 | D:8      | Killed a cyclops
 12431 | D:8      | XOM: give mutation
 12431 | D:8      | Lost mutation: You are completely covered in iridescent
                  | scales. (AC +6) [Xom's mischief]
 12512 | D:9      | XOM: god gift: scroll labelled NYUBIA UCISS {god gift}
 12591 | D:9      | Noticed Prince Ribbit
 12597 | D:9      | XOM: cast spell 'Summon Hydra'
 12603 | D:9      | Killed Prince Ribbit
 12604 | D:9      | Reached skill level 14 in Stealth
 12607 | D:9      | Noticed a two-headed ogre
 12618 | D:9      | Killed a two-headed ogre
 12808 | D:9      | XOM: fog
 13098 | D:10     | Entered Level 10 of the Dungeon
 13288 | D:10     | XOM: 2-stop teleportation journey
 13665 | D:10     | XOM: god gift: 2 atropa-tipped darts
 13742 | D:10     | XOM: god gift: staff of death
 13748 | D:10     | Reached XP level 12. HP: 79/79 MP: 12/12
 14027 | D:10     | XOM: cloud trail
 14165 | D:11     | XOM: cloud trail
 14243 | D:11     | XOM: cast spell 'Chain of Chaos'
 14250 | D:11     | XOM: polymorph killer bee -> howler monkey
 14285 | D:11     | XOM: cast spell 'Monstrous Menagerie'
 14383 | D:11     | XOM: 1-stop teleportation journey
 14404 | D:11     | XOM: chaos upgrade
 14682 | D:11     | XOM: 1-stop teleportation journey
 14707 | D:11     | Noticed a boulder beetle
 14718 | D:11     | Killed a boulder beetle
 14773 | D:11     | XOM: divination: detect creatures
 14806 | D:11     | Noticed a two-headed ogre
 14823 | D:11     | XOM: summons friendly iron imp
 14832 | D:10     | Killed a two-headed ogre
 14868 | D:11     | XOM: fake destruction
 14871 | D:11     | XOM: potion effect (berserk rage)
 14894 | D:11     | XOM: summons friendly white imp
 14940 | D:11     | XOM: swap monsters
 14960 | D:11     | XOM: enchant monster (bad)
 15286 | D:11     | Noticed a boulder beetle
 15289 | D:11     | XOM: fog
 15307 | D:11     | XOM: swap monsters
 15309 | D:11     | Killed a boulder beetle
 15310 | D:11     | Reached skill level 15 in Stealth
 15434 | D:8      | XOM: summons 7 hostile demons
 15711 | Lair:1   | Entered Level 1 of the Lair of Beasts
 15772 | Lair:1   | Noticed Harold
 15774 | Lair:1   | XOM: enchant monster (bad)
 15810 | Lair:1   | XOM: enchant monster (good)
 15811 | Lair:1   | XOM: torment (41/80 hp)
 15817 | Lair:1   | XOM: scenery: create altars
 15824 | Lair:1   | XOM: 2-stop teleportation journey
 15849 | Lair:1   | Reached skill level 5 in Shields
 15856 | Lair:1   | XOM: summons 11 friendly demons
 15863 | Lair:1   | Killed Harold
 15958 | Lair:1   | Reached XP level 13. HP: 86/86 MP: 13/13
 15964 | Lair:1   | XOM: noise
 15987 | Lair:1   | XOM: polymorph cane toad -> wind drake
 16093 | Lair:1   | XOM: polymorph boulder beetle -> slime creature
 16099 | Lair:1   | Found a hide-covered altar of Uskayaw.
 16165 | Lair:1   | XOM: silly message
 16213 | Lair:1   | XOM: silly message
 16354 | Lair:1   | XOM: give mutations
 16354 | Lair:1   | Lost mutation: Your mind is very acute. (Int +8, Str/Dex
                  | -2) [Xom's mischief]
 16354 | Lair:1   | Lost mutation: Your muscles are very strong. (Str +8,
                  | Int/Dex -2) [Xom's mischief]
 16354 | Lair:1   | Lost mutation: Your muscles are strong. (Str +4, Int/Dex
                  | -1) [Xom's mischief]
 16459 | Lair:1   | XOM: silly message
 16512 | Lair:1   | XOM: silly message
 16536 | Lair:2   | Found a hole to the Spider Nest.
 16540 | Lair:2   | XOM: summons friendly quasit
 16543 | Lair:2   | XOM: cast spell 'Cause Fear'
 16558 | Lair:2   | XOM: torment (44/86 hp)
 16559 | Lair:2   | XOM: polymorph tarantella -> death drake
 16563 | Lair:2   | Succumbed to a death drake's dark miasma

Illustrated notes

Levels and vault maps discovered:
D:1:      amcnicky_arrival_blooded_trapdoor, layout_loops_corners, serial_shops,
          nicolae_shop_peninsula, hangedman_abyss_or_decor_lesser_grid
D:2:      layout_rooms, nicolae_eternal_life, minmay_circle_x
D:3:      layout_rooms, ebering_ecumenical_altar_box, kennysheep_potato
D:4:      layout_basic, minmay_overflow_temple_star_quad, chequers_jeans
D:5:      layout_loops_ring, minitemple, minmay_temple_entry_glassed_door,
          chequers_serial_rivers_small_b, chequers_serial_rivers_small_a
D:6:      layout_basic, mainiacjoe_overflow_alcove_1, gup_sewer_entry_bubbles
D:7:      minmay_octagon_keep, layout_layer_cave,
          grunt_temple_overflow_lords_of_destruction, uniq_duvessa,
          uniq_menkaure
D:8:      nzn_winding_woodlands_stair_cross
          [nzn_winding_woodlands_5x15_sawtooth,
          nzn_winding_woodlands_center_diamonds,
          nzn_winding_woodlands_5x15_split_checker,
          nzn_winding_woodlands_5x5_default,
          nzn_winding_woodlands_5x5_open_star,
          nzn_winding_woodlands_5x15_lazy_stream,
          nzn_winding_woodlands_center_garden,
          nzn_winding_woodlands_5x15_zeroes], layout_loops_cross,
          regret_index_temple_of_mockery, lemuel_doored_altar, lair_entry_dummy,
          serial_glass, glass_columns_a, glass_columns_a, enter_bailey_5,
          hangedman_decor_clover_reticule, uniq_amaemon
D:9:      layout_loops_cross, uniq_prince_ribbit1
D:10:     layout_loops_ring, serial_co_window_serial, co_window_paths_a,
          co_window_corner_a, co_window_corner_a, co_window_paths_a,
          co_window_corner_a, co_window_of_opportunity_a, co_window_paths_a,
          co_window_broadway_a, co_window_unsneaky_path_a, co_window_paths_c,
          co_window_4corner_a, glass_columns_a
D:11:     layout_cave_pods, special_room [special_room_bee]
Lair:1:   minmay_lair_oklob_chamber, layout_misc_corridors, basic_altar,
          infiniplex_staircase_pool, grunt_megastairs_3, lemuel_fruit_tree,
          uniq_harold
Lair:2:   layout_chaotic_city, minmay_shoals_entry_centaurs,
          nicolae_spider_entry_lesser_pyramids, gammafunk_ghost_ooze,
          chequers_serial_rivers_large_a, beast_lair_carwin_1,
          grunt_megastairs_2, serial_bayou_shore_b

Skill      XL: |  1  2  3  4  5  6  7  8  9 10 11 12 |
---------------+-------------------------------------+-----
Stealth        | 2 3 5 6 7 10 12 13 14 15 | 15.8
Short Blades   | 4 5 6 7 8 9 |  9.6
Shapeshifting  | 1 2 4 5 6 7 8 |  8.3
Dodging        | 3 4 5 6 7 8 |  8.4
Fighting       | 4 5 6 7 |  7.1
Shields        | 1 3 4 5 |  5.7
Evocations     | 4 5 7 |  7.8

Action                     |  1- 3 |  4- 6 |  7- 9 | 10-12 | 13-15 || total
---------------------------+-------+-------+-------+-------+-------++-------
  Melee: Short sword       |    68 |    78 |   266 |   683 |    69 ||  1164
         Constrict         |    12 |    18 |    61 |   104 |     7 ||   202
         Tentacles         |     3 |    18 |    63 |   217 |    22 ||   323
         Kick              |     6 |    26 |   100 |   319 |    28 ||   479
         Punch             |       |     2 |     4 |    17 |       ||    23
    Use: Potion            |       |     2 |       |       |       ||     2
         Scroll            |       |       |    11 |     6 |       ||    17
   Stab: Sleeping          |     7 |     6 |    24 |    14 |       ||    51
         Paralysed         |       |     1 |     1 |     3 |     2 ||     7
         Confused          |       |     1 |     1 |    12 |       ||    14
         Distracted        |       |       |     1 |     6 |     1 ||     8
         Invisible         |       |       |     7 |       |       ||     7
         Petrifying        |       |       |     1 |     1 |       ||     2
 Armour: Skin              |    27 |    31 |   105 |   200 |    12 ||   375
  Dodge: Dodged            |    44 |    37 |   119 |   294 |    31 ||   525
  Block: Other             |       |       |    32 |    73 |       ||   105
         Reflection        |       |       |     2 |     6 |       ||     8
         Buckler           |       |       |       |    66 |    20 ||    86

Table legend: (Time is in decaauts)
 A = Elapsed time spent in this place.
 B = Non-inter-level travel time spent in this place.
 C = Inter-level travel time spent in this place.
 D = Time resting spent in this place.
 E = Time spent auto-exploring this place.
 F = Levels seen in this place.
 G = Mean time per level.
                   A        B        C        D        E       F      G
               +--------+--------+--------+--------+--------+-----+--------+
         Total |  16150 |  15487 |    663 |   5384 |   7672 |  15 | 1076.7 |
       Dungeon |  14857 |  14221 |    636 |   5379 |   6901 |  11 | 1350.6 |
          Lair |    785 |    758 |     27 |      5 |    536 |   2 |  392.5 |
         Sewer |    243 |    243 |      0 |      0 |    106 |   1 |  243.0 |
        Bailey |    263 |    263 |      0 |      0 |    129 |   1 |  263.0 |
               +--------+--------+--------+--------+--------+-----+--------+

Top non-repeatable levels by time:
     D:1: 5164 daAuts
     D:7: 1374 daAuts
     D:2: 1244 daAuts
     D:8: 1170 daAuts
    D:11: 1104 daAuts
     D:6: 1087 daAuts
    D:10: 1000 daAuts
     D:9: 839 daAuts
  Lair:1: 758 daAuts
     D:4: 752 daAuts
     D:5: 709 daAuts
     D:3: 409 daAuts
  Bailey: 263 daAuts
   Sewer: 243 daAuts
  Lair:2: 26 daAuts
